AoeStats
← IiILeonARIiI

Arabia

508121564Analyzed
1v1 RM · 13d ago on Sep 21, 2026· 37m 23s· 2 players
Game mode
Random Map
Map size
Tiny (2 player)
Population
200
Speed
Normal
Resources
Standard
Victory
Conquest
Starting age
Dark Age
Ending age
Imperial Age
RankedLock teamsTeams togetherTeam positionsShared explorationLock speedFull tech treeHidden civsTurbo modeCheats
Victory
Defeat
🇺🇸 Khmer · United States
667
+12
🇦🇷 Sicilians · Argentina
577
-21
IiILeonARIiI
8:33 Loom
12:50 Feudal Age
19:26 Forging
31:38 Scale Mail Armor
35:47 Fletching
Aratama
6:30 Loom
10:00 Feudal Age
11:08 Double-Bit Axe
15:25 Wheelbarrow
14:59 Horse Collar
16:45 Bloodlines
19:21 Forging
24:18 Castle Age
24:40 Fletching
25:20 Bow Saw
25:12 Heavy Plow
24:41 Light Cavalry
25:22 Husbandry
27:03 Elite Skirmisher
28:23 Padded Archer Armor
28:18 Bodkin Arrow
28:30 Scale Barding Armor
29:31 Hand Cart
29:38 Hand Cart
34:10 Leather Archer Armor
34:16 Chain Barding Armor
34:32 Iron Casting
Connection lost

Rejoining the realm…

Still unreachable

The connection could not be restored.

Session expired

The server has moved on; the page needs a fresh start.